 Dungeon Crawl Stone Soup version 0.17.1-3-g152610e (webtiles) character file.

1923 inmateoo the Grappler (level 9, -7/73 HPs)
             Began as a Ghoul Earth Elementalist on Mar 9, 2016.
             Was a Follower of Cheibriados.
             Mangled by a gargoyle
             ... wielding a +0 dire flail
              (10 damage)
             ... on level 7 of the Dungeon.
             The game lasted 00:10:25 (6377 turns).

inmateoo the Grappler (Ghoul Earth Elementalist)    Turns: 6377, Time: 00:10:25

Health: -7/73      AC: 12    Str: 18    XL:     9   Next: 17%
Magic:  10/10      EV: 11    Int: 13    God:    Cheibriados [*.....]
Gold:   416        SH:  0    Dex: 12    Spells: 0 memorised, 11 levels left

rFire  . . .     SeeInvis .       - Unarmed
rCold  + . .     Clarity  .     w - +0 scale mail
rNeg   + + +     SustAt   .     (no shield)
rPois  ∞         Gourm    .     G - +2 helmet
rElec  .         Spirit   .     v - +0 cloak
rCorr  .         Warding  .     s - +0 pair of gloves
rMut   .         Stasis   .     (no boots)
MR     .....                    (no amulet)
Stlth  ++........               (no ring)
                                f - ring of stealth

@: rotting, very slow, not resistant to hostile enchantments, unstealthy
A: rotting body, claws 1, carnivore 3, cold resistance 1, negative energy
resistance 3, slow regeneration 1, torment resistance, unbreathing
a: Bend Time, Renounce Religion


You were on level 7 of the Dungeon.
You worshipped Cheibriados.
Cheibriados was aware of your devotion.
You were not hungry.

You visited 2 branches of the dungeon, and saw 8 of its levels.

You collected 442 gold pieces.
You spent 26 gold pieces at shops.

Inventory:

Hand Weapons
 l - a +0 mace of protection
 n - a +0 short sword of venom
 t - a +2 quarterstaff of crushing
Missiles
 b - 148 stones (quivered)
 C - a throwing net
Armour
 s - a +0 pair of gloves (worn)
 v - a +0 cloak (worn)
 w - a +0 scale mail (worn)
 G - a +2 helmet (worn)
Jewellery
 f - a ring of stealth (left hand)
 M - an uncursed ring of flight {unknown}
 N - an uncursed ring of fire {unknown}
Wands
 g - a wand of cold (7)
 K - a wand of draining (8)
Scrolls
 e - 2 scrolls of magic mapping
 h - 4 scrolls of fog
 k - a scroll of enchant armour
 o - a scroll of remove curse
 y - a scroll of teleportation
 E - a scroll of fear {unknown}
 F - a scroll of amnesia
 H - a scroll of summoning {unknown}
 L - a scroll of identify
Potions
 a - 2 potions of poison {unknown}
 i - 4 potions of might {unknown}
 j - 2 potions of magic {unknown}
 m - a potion of invisibility {unknown}
 p - a potion of degeneration {unknown}
 q - 2 potions of mutation {unknown}
 u - a potion of agility
 x - 3 potions of brilliance
 z - 5 potions of heal wounds
 A - a potion of haste
Books
 c - a book of Geomancy

   Spells                             Type                      Level
   a - Sandblast                      Earth                        1
   b - Stoneskin                      Transmutation/Earth          2
   c - Passwall                       Transmutation/Earth          3
   d - Stone Arrow                    Conjuration/Earth            3
   e - Petrify                        Transmutation/Earth          4
   f - Lee's Rapid Deconstruction     Earth                        5
 r - a book of Debilitation

   Spells                             Type                      Level
   a - Corona                         Hexes                        1
   b - Slow                           Hexes                        2
   c - Gell's Gravitas                Hexes/Translocation          3
   d - Inner Flame                    Hexes/Fire                   3
   e - Cause Fear                     Hexes                        4
   f - Leda's Liquefaction            Hexes/Earth                  4
 B - a book of Beasts

   Spells                             Type                      Level
   a - Summon Butterflies             Summoning                    1
   b - Call Canine Familiar           Summoning                    3
   c - Summon Ice Beast               Ice/Summoning                4
   d - Summon Mana Viper              Hexes/Summoning              5
   e - Summon Hydra                   Summoning                    7
 I - a book of Hinderance

   Spells                             Type                      Level
   a - Confusing Touch                Hexes                        2
   b - Confuse                        Hexes                        3
   c - Gell's Gravitas                Hexes/Translocation          3
   d - Petrify                        Transmutation/Earth          4
   e - Metabolic Englaciation         Hexes/Ice                    5
Comestibles
 d - 5 meat rations
 D - a beef jerky
 J - 4 chunks of flesh


   Skills:
 + Level 4.9 Fighting
 + Level 4.0 Armour
 + Level 4.6 Dodging
 - Level 2.1 Stealth
 * Level 9.1 Unarmed Combat
 - Level 1.7 Spellcasting
   Level 0.8 Transmutations
   Level 3.2 Earth Magic


You had 11 spell levels left.
You didn't know any spells.

Dungeon Overview and Level Annotations

Branches:
Dungeon (7/15)             Temple (1/1) D:4

Altars:
Ashenzari
Cheibriados
Dithmenos
Elyvilon
Fedhas
Kikubaaqudgha
Makhleb
Nemelex Xobeh
Okawaru
Qazlal
Ru
Sif Muna
Trog
Vehumet
Xom
Yredelemnul
Zin
The Shining One

Shops:
D:4 (%*=   D:6 (

Annotations:
D:4 kaze's ghost, amateur TrBe
D:5 kaze's ghost, novice TrBe


Innate Abilities, Weirdness & Mutations

Your body is rotting away.
You thrive on raw meat.
You are immune to poison.
You have sharp fingernails.
You are carnivorous and can eat meat at any time.
Your flesh is cold resistant.
You are immune to negative energy.
You regenerate slowly when monsters are visible.
You are immune to unholy pain and torment.
You can survive without breathing.


Message History

You hit the gargoyle.
The gargoyle is heavily damaged.
You hit the gargoyle but do no damage.
The gargoyle is heavily damaged.
The gargoyle hits you with a dire flail!
You hit the gargoyle but do no damage.
The gargoyle is heavily damaged.
The gargoyle hits you with a dire flail!!
* * * LOW HITPOINT WARNING * * *
You hit the gargoyle but do no damage.
The gargoyle is heavily damaged.
You hit the gargoyle but do no damage.
The gargoyle is heavily damaged.
The gargoyle hurls a stone arrow at you.
The stone arrow hits you!
* * * LOW HITPOINT WARNING * * *
You punch the gargoyle!
The gargoyle is almost destroyed.
The gargoyle hits you with a dire flail!
You die...

.........#.#.#.# ### #.#
######...#.#.#.# ...#
#.. ####.)<..#.....#
...# # ####
#..)#)#......### ...#.#
+...
#.#.#......######...#.#
...##.#
#.#.#.####............
.......
#.#.#.......#####...#
####.#
....#######.#.......# ..
# ###.#...# #.#.##@9..#
#.# #
........###.#.##.####.#
# #
##............<.....>.#
#
..................#####.
##............#.........
#..........###.#.......
######
+...........##.#.......
......
#..............#.......
######
########+#..####...?...


You could see a gargoyle.

Vanquished Creatures
  Eustachio (D:6)
  2 ice beasts
  A black bear (D:6)
  An eye of draining (D:7)
  A phantom (D:3)
  A centaur (D:6)
  2 ogres
  Blork the orc (D:6)
  2 giant frogs
  A scorpion (D:5)
  3 crimson imps
  A centaur zombie (D:6)
  A jelly (D:6)
  A giant frog zombie (D:7)
  2 hounds
  An iguana (D:4)
  2 giant frog skeletons (D:4)
  6 orc wizards
  3 worker ants
  A mummy (D:6)
  Robin (D:3)
  9 gnolls
  3 adders
  A shadow imp (D:7)
  A worm (D:3)
  3 giant geckos
  25 orcs
  3 giant cockroaches
  16 goblins
  12 hobgoblins
  2 jackals (D:3)
  3 kobolds
  4 quokkas
  A ball python (D:3)
  2 ball python skeletons
  14 bats
  A giant gecko skeleton (D:6)
  7 giant newts
  A quokka skeleton (D:7)
  9 rats
152 creatures vanquished.

Vanquished Creatures (others)
  A plant (D:4)
1 creature vanquished.

Grand Total: 153 creatures vanquished

Notes
Turn   | Place    | Note
--------------------------------------------------------------
     0 | D:1      | inmateoo the Ghoul Earth Elementalist began the quest for the Orb.
     0 | D:1      | Reached XP level 1. HP: 14/14 MP: 2/2
   200 | D:1      | Reached skill level 1 in Unarmed Combat
   274 | D:1      | Reached XP level 2. HP: 4/20 MP: 0/3
  1170 | D:2      | Reached XP level 3. HP: 20/26 MP: 4/4
  1744 | D:3      | Noticed Robin
  1770 | D:3      | Killed Robin
  1770 | D:3      | Reached XP level 4. HP: 16/32 MP: 5/5
  1771 | D:3      | Reached skill level 4 in Unarmed Combat
  2068 | D:3      | Reached skill level 5 in Unarmed Combat
  2068 | D:3      | Reached XP level 5. HP: 12/37 MP: 6/6
  2176 | D:3      | Found a bloodstained altar of Trog.
  2176 | D:3      | Found an iron altar of Okawaru.
  2607 | D:4      | Found Sokuceup's Jewellery Shop.
  2650 | D:4      | Found a staircase to the Ecumenical Temple.
  2664 | Temple   | Entered the Ecumenical Temple
  2728 | D:4      | Found a blossoming altar of Fedhas.
  2730 | D:4      | Noticed kaze's ghost (amateur TrBe)
  2765 | D:4      | Found Virchebim's General Store.
  2785 | D:4      | Bought a scroll of identify for 26 gold pieces
  2812 | D:4      | Reached skill level 1 in Fighting
  2812 | D:4      | Reached skill level 1 in Armour
  2812 | D:4      | Reached XP level 6. HP: 25/46 MP: 7/7
  2889 | D:4      | Found a stormy altar of Qazlal.
  2993 | D:4      | Found Geusiug's Food Boutique.
  3288 | D:4      | Found Oriuxygi's Antique Weapon Boutique.
  3330 | D:4      | Noticed a phantom
  3379 | D:3      | Killed a phantom
  3379 | D:3      | Reached skill level 6 in Unarmed Combat
  3608 | D:5      | Entered Level 5 of the Dungeon
  3830 | D:4      | Reached XP level 7. HP: 11/52 MP: 8/8
  4484 | D:5      | Noticed kaze's ghost (novice TrBe)
  4562 | D:5      | Reached skill level 7 in Unarmed Combat
  4660 | D:5      | Reached XP level 8. HP: 40/63 MP: 9/9
  4977 | D:6      | Found a snail-covered altar of Cheibriados.
  4985 | D:6      | Became a worshipper of Cheibriados the Contemplative
  5165 | D:6      | Found a glowing golden altar of the Shining One.
  5277 | D:6      | Noticed Eustachio
  5298 | D:6      | Killed Eustachio
  5298 | D:6      | Reached skill level 8 in Unarmed Combat
  5501 | D:6      | Found Orghep's Weapon Shop.
  5714 | D:6      | Noticed Blork the orc
  5729 | D:6      | Killed Blork the orc
  5985 | D:7      | Reached * piety under Cheibriados
  6136 | D:7      | Reached XP level 9. HP: 72/72 MP: 0/10
  6258 | D:7      | Reached skill level 9 in Unarmed Combat
  6355 | D:7      | Noticed a gargoyle
  6376 | D:7      | HP: 3/73 [gargoyle/stone arrow (12)]
  6377 | D:7      | Mangled by a gargoyle

Action                   |  1- 3 |  4- 6 |  7- 9 || total
-------------------------+-------+-------+-------++-------
Melee: Unarmed           |    55 |       |   183 ||   238
       Mace              |   120 |    13 |       ||   133
       Short sword       |       |   159 |   127 ||   286
       Quarterstaff      |       |    53 |     6 ||    59
 Cast: Sandblast         |     8 |       |       ||     8
  Use: Scroll            |     6 |     7 |     3 ||    16
       Potion            |       |       |     5 ||     5
 Stab: Sleeping          |     3 |     2 |     3 ||     8
       Distracted        |       |     1 |       ||     1
  Eat: Chunk             |     8 |    11 |    24 ||    43
